 Dungeon Crawl Stone Soup version 0.22-a0-246-gdc04c06 (webtiles) character file.

429 varam the Conjurer (level 6, 0/32 HPs)
             Began as a Gargoyle Fire Elementalist on Feb 22, 2018.
             Slain by an adder (4 damage)
             ... on level 5 of the Dungeon.
             The game lasted 00:14:00 (2950 turns).

varam the Conjurer (Gargoyle Fire Elementalist)     Turns: 2950, Time: 00:14:00

Health: 0/32       AC:  6    Str: 12    XL:     6   Next: 98%
Magic:  6/9        EV: 12    Int: 17    God:
Gold:   155        SH:  0    Dex: 10    Spells: 2/9 levels left

rFire    . . .     SeeInvis .   u - +0 mace
rCold    . . .     Gourm    .   (no shield)
rNeg     + . .     Faith    .   a - +0 robe
rPois    ∞         Spirit   .   g - +0 hat
rElec    +         Reflect  .   (no cloak)
rCorr    .         Harm     .   (no gloves)
MR       .....                  (no boots)
Stlth    ++........             h - amulet of rage
HPRegen  0.10/turn              t - ring of flight (curse)
MPRegen  0.11/turn              (no ring)

@: no status effects
A: negative energy resistance 1, electricity resistance, unbreathing,
petrification resistance, rot immunity, AC +4
a: Evoke Berserk Rage, Evoke Flight


You were on level 5 of the Dungeon.
You were near starving.

You visited 1 branch of the dungeon, and saw 5 of its levels.

You collected 155 gold pieces.

Inventory:

Hand Weapons
 u - a +0 mace (weapon)
Missiles
 o - 4 tomahawks (quivered)
Armour
 a - a +0 robe (worn)
 d - a +4 ring mail
 g - a +0 hat (worn)
 k - a +0 large shield
 p - a +0 helmet
Jewellery
 h - an amulet of rage (around neck)
 t - a cursed ring of flight (left hand)
Wands
 w - a wand of paralysis (9)
 y - a wand of digging (7)
Scrolls
 e - 4 scrolls of teleportation {unknown}
 i - 2 scrolls of identify
 j - a scroll of random uselessness {unknown}
 l - 3 scrolls of amnesia {unknown}
 m - a scroll of magic mapping {unknown}
 q - a scroll of enchant armour {unknown}
 v - 2 scrolls of remove curse
Potions
 f - 6 potions of agility
 n - a potion of degeneration {unknown}
 r - 2 potions of mutation {unknown}
 s - a potion of heal wounds {unknown}
 x - a potion of lignification {unknown}
Comestibles
 b - 9 rations
 c - 2 chunks of flesh


   Skills:
 - Level 1.5 Dodging
 - Level 2.1 Stealth
 - Level 2.0 Spellcasting
 * Level 6.2 Conjurations
 + Level 5.0 Fire Magic


You had 2 spell levels left.
You knew the following spells:

 Your Spells              Type           Power        Failure   Level  Hunger
a - Flame Tongue          Conj/Fire      ###..        1%          1    #......
b - Throw Flame           Conj/Fire      ###...       3%          2    ###....
c - Sticky Flame          Conj/Fire      ###.....     19%         4    #####..


Dungeon Overview and Level Annotations

Branches:
Dungeon (5/15)
 Temple: D:4-7

Altars:


Innate Abilities, Weirdness & Mutations

You are resistant to torment.
Your stone body is resilient. (AC +4)
You are immune to poison.
You resist negative energy. (rN+)
You are resistant to electric shocks. (rElec)
You can survive without breathing.
You are immune to petrification.
You are immune to rotting.


Message History

Confirm with . or Enter, or press ? or * to list all spells.
Aiming: Flame Tongue (safe; 1% risk of failure)
Press: ? - help, Shift-Dir - straight line, f - worker ant zombie
Aim: a worker ant zombie The flame tongue hits the worker ant zombie.
The worker ant zombie is lightly damaged.
The worker ant zombie bites you.
* * * LOW HITPOINT WARNING * * *
Found a ration and a scroll labeled WIFARUNABB.
Found a scroll of identify.
You see here a war axe.
You see here a scroll of identify.
A crimson imp comes into view.
An adder comes into view.
The adder hisses angrily.
Found 10 gold pieces and a ration.
You are near starving!
The crimson imp shouts!
The adder bites you.
You die...

............ ###....
...>....##..# ...... .........
..# ####..... .......#. ..
##..?..... ....(....# #.
#..##.....
...........##.########.###.....
.........Z......# #.....
.......S.#.########.....
...##.@.#... ..........
...........$........%...
....#..#........#######. ...
##....5.###......... ..
.......# #####).. .####..%#
#)..# .# .... #..### ..... ...#
# ... #


You could see a crimson imp, an adder and a worker ant zombie.

Vanquished Creatures
  Grinder (D:3)
  An orc wizard (D:4)
  Ijyb (D:3)
  A worker ant (D:4)
  8 adders
  An adder skeleton (D:4)
  A worm (D:3)
  4 dart slugs
  2 leopard geckos
  3 orcs
  8 bats
  4 giant cockroaches
  6 goblins
  11 hobgoblins
  3 quokkas
  4 frilled lizards
  5 kobolds
  8 rats
72 creatures vanquished.

Notes
Turn   | Place    | Note
-------+----------+-------------------------------------------
     0 | D:1      | varam the Gargoyle Fire Elementalist began the quest for the Orb.
     0 | D:1      | Reached XP level 1. HP: 10/10 MP: 3/3
   191 | D:1      | Reached XP level 2. HP: 14/15 MP: 1/5
   192 | D:1      | Reached skill level 2 in Conjurations
   469 | D:1      | Reached XP level 3. HP: 19/19 MP: 1/6
   536 | D:1      | Learned a level 2 spell: Throw Flame
  1032 | D:1      | Reached skill level 3 in Conjurations
  1052 | D:2      | Reached XP level 4. HP: 24/24 MP: 0/7
  1058 | D:2      | Learned a level 4 spell: Sticky Flame
  1488 | D:2      | Reached skill level 4 in Conjurations
  1705 | D:3      | Reached skill level 4 in Fire Magic
  1705 | D:3      | Reached XP level 5. HP: 28/28 MP: 0/8
  1840 | D:3      | Noticed Grinder
  1853 | D:3      | Paralysed by Grinder for 2 turns
  1869 | D:3      | Killed Grinder
  1869 | D:3      | Reached skill level 5 in Conjurations
  1869 | D:3      | Reached XP level 6. HP: 19/32 MP: 1/9
  1944 | D:3      | Noticed Ijyb
  1988 | D:3      | Killed Ijyb
  2622 | D:4      | Reached skill level 6 in Conjurations
  2634 | D:5      | Entered Level 5 of the Dungeon
  2922 | D:5      | Reached skill level 5 in Fire Magic
  2926 | D:5      | HP: 1/32 [worker ant zombie (3)]
  2950 | D:5      | Slain by an adder

Vault maps used:
D:1:      shiori_arrival_oz
D:2:      first_ration
D:3:      uniq_ijyb, uniq_grinder
D:4:      nicolae_ossuary_entry_plus, kennysheep_generic_room_5
D:5:      cheibrodos_barr_body

Skill      XL: |  1  2  3  4  5  6 |
---------------+-------------------+-----
Conjurations   | 2 3 4 5 6 |  6.2
Fire Magic     | 4 5 |  5.0
Dodging        | |  1.5
Stealth        | |  2.1
Spellcasting   | |  2.0

Action                   |  1- 3 |  4- 6 || total
-------------------------+-------+-------++-------
Melee: Unarmed           |    28 |    38 ||    66
       Mace              |       |    17 ||    17
 Cast: Flame Tongue      |    54 |    89 ||   143
       Throw Flame       |       |    16 ||    16
       Sticky Flame      |       |     2 ||     2
  Use: Scroll            |       |     2 ||     2
  Eat: Chunk             |     1 |     8 ||     9
Armor: Ring mail         |    27 |       ||    27
       Robe              |    15 |    39 ||    54
Dodge: Dodged            |    55 |    63 ||   118

Table legend:
 A = Spawn XP
 B = Non-spawn XP
 C = Spawn XP percentage of total XP
 D = Spawn monster count
 E = Non-spawn monster count
 F = Spawn count percentage of total count
 G = Total turns spent on level
                    A         B        C        D         E        F      G
               +---------+---------+-------+---------+---------+-------+---------
         Total |       0 |     613 |   0.0 |       0 |      72 |   0.0 |  2950
               +---------+---------+-------+---------+---------+-------+---------
           D:1 |       0 |      77 |   0.0 |       0 |      29 |   0.0 |  1041
           D:2 |       0 |      75 |   0.0 |       0 |      16 |   0.0 |   583
           D:3 |       0 |     371 |   0.0 |       0 |      19 |   0.0 |   874
           D:4 |       0 |      87 |   0.0 |       0 |       7 |   0.0 |   220
           D:5 |       0 |       3 |   0.0 |       0 |       1 |   0.0 |   232
               +---------+---------+-------+---------+---------+-------+---------
